 Dungeon Crawl Stone Soup version 0.20.1-1-g8b1a95d (webtiles) character file.

57 Fisto the Skirmisher (level 4, -5/40 HPs)
             Began as a Hill Orc Fighter on Nov 9, 2017.
             Was a Follower of Cheibriados.
             Slain by Crazy Yiuf
             ... wielding a +4 quarterstaff of chaos
              (10 damage)
             ... on level 2 of the Dungeon.
             The game lasted 00:06:25 (1695 turns).

Fisto the Skirmisher (Hill Orc Fighter)             Turns: 1695, Time: 00:06:26

Health: -5/40      AC:  7    Str: 19 (21) XL:     4   Next: 0%
Magic:  2/4        EV:  7    Int:  8 (10) God:    Cheibriados [*.....]
Gold:   90         SH:  9    Dex: 10 (12) Spells: 3/3 levels left

rFire    . . .     SeeInvis .   a - +0 long sword
rCold    . . .     Gourm    .   c - +0 shield
rNeg     . . .     Faith    .   b - +0 scale mail
rPois    .         Spirit   .   (no helmet)
rElec    .         Reflect  .   (no cloak)
rCorr    .         Harm     .   (no gloves)
MR       .....                  (no boots)
Stlth    ..........             (no amulet)
Regen    0.2/turn               (no ring)
MPRegen  0.1/turn               (no ring)

@: slowed, very slow
A: no striking features
a: Bend Time, Renounce Religion


You were on level 2 of the Dungeon.
You worshipped Cheibriados.
Cheibriados was aware of your devotion.
You were very hungry.

You visited 1 branch of the dungeon, and saw 2 of its levels.

You collected 90 gold pieces.

Inventory:

Hand Weapons
 a - a +0 long sword (weapon)
 o - a +1 whip of venom
Missiles
 s - 65 stones (quivered)
Armour
 b - a +0 scale mail (worn)
 c - a +0 shield (worn)
Jewellery
 e - an uncursed amulet of the gourmand {unknown}
Scrolls
 h - 2 scrolls of identify {unknown}
 j - a scroll of immolation {unknown}
 l - a scroll of remove curse {unknown}
 m - 2 scrolls of teleportation {unknown}
 r - a scroll of random uselessness {unknown}
Potions
 n - a potion of agility {unknown}
 p - a potion of brilliance {unknown}
Comestibles
 f - a bread ration
 g - 2 fruits
 k - a royal jelly


   Skills:
 + Level 4.1 Fighting
 + Level 3.1 Long Blades
 + Level 3.7 Armour
 + Level 0.5 Dodging
 + Level 0.1 Stealth
 + Level 3.7 Shields


You had 3 spell levels left.
You didn't know any spells.

Dungeon Overview and Level Annotations

Branches:
Dungeon (2/15)

Altars:
Cheibriados
Fedhas

Annotations:
D:2 Crazy Yiuf


Message History

It was a potion of degeneration.
There was something very wrong with that liquid.
You feel weakened.
You feel dopey.
You feel clumsy.
Crazy Yiuf drinks a potion.
Crazy Yiuf seems to speed up.
Crazy Yiuf hits you with a quarterstaff of chaos!
Crazy Yiuf freezes you.
You are feeling very hungry.
You closely miss Crazy Yiuf. You block Crazy Yiuf's attack.
Crazy Yiuf hits you with a quarterstaff of chaos!
You feel your power leaking away.
You closely miss Crazy Yiuf.
Crazy Yiuf hits you with a quarterstaff of chaos.
Crazy Yiuf burns you.
Crazy Yiuf hits you with a quarterstaff of chaos!
* * * LOW HITPOINT WARNING * * *
You feel yourself slow down. Crazy Yiuf barely misses you.
Crazy Yiuf says, "Trifle testudinal hand!"
Crazy Yiuf hits you with a quarterstaff of chaos!
You die...

.........#
...
.........#
#'#
.....#...#
#.##
###.####.#
##g# #
#.###..#
#.## #
#.....>#
##.#
###.####.#
##.## ....#
#.# ##P#g#
##### #.#
#PPP@# #.#
#....#
#.#####..##
#........#
#####...##
#####


You could see Crazy Yiuf.

Vanquished Creatures
  An adder (D:2)
  2 worms (D:2)
  3 bats (D:2)
  9 giant cockroaches
  4 hobgoblins (D:1)
  6 jackals
  A ball python (D:2)
  4 goblins
  3 kobolds
  3 rats
  A bush (D:2)
37 creatures vanquished.

Notes
Turn   | Place    | Note
-------+----------+-------------------------------------------
     0 | D:1      | Fisto the Hill Orc Fighter began the quest for the Orb.
     0 | D:1      | Reached XP level 1. HP: 19/19 MP: 1/1
   189 | D:1      | Reached XP level 2. HP: 27/27 MP: 2/2
   540 | D:2      | Reached skill level 4 in Fighting
   540 | D:2      | Reached XP level 3. HP: 26/33 MP: 3/3
   565 | D:2      | Found a snail-covered altar of Cheibriados.
   566 | D:2      | Found a blossoming altar of Fedhas.
   578 | D:2      | Became a worshipper of Cheibriados the Contemplative
  1592 | D:2      | Reached * piety under Cheibriados
  1592 | D:2      | Reached XP level 4. HP: 40/40 MP: 4/4
  1682 | D:2      | Found a runed door.
  1686 | D:2      | Noticed Crazy Yiuf
  1695 | D:2      | Slain by Crazy Yiuf

Skill      XL: |  1  2  3 |
---------------+----------+-----
Fighting       | 4 |  4.1
Long Blades    | 3 |  3.1
Armour         | |  3.7
Dodging        | |  0.5
Stealth        | |  0.1
Shields        | |  3.7

Action                   |  1- 3 |  4- 6 || total
-------------------------+-------+-------++-------
Melee: Long sword        |   103 |    42 ||   145
Throw: Stone             |     7 |       ||     7
Invok: Bend Time         |     1 |       ||     1
  Use: Potion            |     1 |     1 ||     2
  Eat: Chunk             |     2 |       ||     2
Armor: Scale mail        |    57 |       ||    57
Dodge: Dodged            |    40 |     1 ||    41
Block: Shield            |    73 |     1 ||    74
       Rpst.: Long sword |    15 |       ||    15
